 Dungeon Sprint DCSS version 0.24-a0-41-gf098211c9e (webtiles) character file.

Game seed: 1393136777447581141

1714 Denreik the Thaumaturge (level 9, -5/72 HPs)
             Began as a Gnoll Air Elementalist on Feb 3, 2019.
             Slain by a polar bear (20 damage)
             ... in the Dungeon (Sprint II: "The Violet Keep of Menkaure").
             The game lasted 00:20:44 (1597 turns).

Denreik the Thaumaturge (Gnoll Air Elementalist)    Turns: 1597, Time: 00:20:45

Health: -5/72      AC:  4    Str: 10    XL:     9   Next: 4%
Magic:  17/30      EV: 17    Int: 20    God:
Gold:   673        SH:  0    Dex: 17    Spells: 5/25 levels left

rFire    . . .     SeeInvis .   j - +0 spear
rCold    . . .     Gourm    .   (no shield)
rNeg     . . .     Faith    .   b - +1 leather armour "Xiesecof" {MP+9} (curse)
rPois    .         Spirit   .   (no helmet)
rElec    .         Reflect  .   (no cloak)
rCorr    .         Harm     .   (no gloves)
MR       .....     NoTele   +   (no boots)
Stlth    ++++......             (no amulet)
HPRegen  0.22/turn              (no ring)
MPRegen  0.22/turn              (no ring)

@: very slightly contaminated
A: distributed training, fangs 1, strong nose
a: no special abilities


You were in the Dungeon.
You were not hungry.

You visited 1 branch You collected 1053 gold pieces.
You spent 380 gold pieces at shops.

Inventory:

Hand Weapons
 c - a +0 arbalest
 j - a +0 spear (weapon)
Missiles
 k - 23 arrows
 l - 10 bolts
Armour
 a - a +0 robe
 b - the cursed +1 leather armour "Xiesecof" (worn) {MP+9}
   (You bought it in a shop in the Dungeon)

   It affects your magic capacity (+9).
   It has a curse placed upon it.
Scrolls
 i - a scroll of blinking
Potions
 d - a potion of curing
 e - a potion of heal wounds
 f - a potion of haste
 g - a potion of magic
 h - a potion of berserk rage
Comestibles
 m - 5 chunks of flesh


   Skills:
 + Level 7.0 Fighting
 + Level 7.0 Short Blades
 + Level 7.0 Long Blades
 + Level 7.0 Axes
 + Level 7.0 Maces & Flails
 + Level 7.0 Polearms
 + Level 7.0 Staves
 + Level 7.0 Slings
 + Level 7.0 Bows
 + Level 7.0 Crossbows
 + Level 7.0 Throwing
 + Level 7.0 Armour
 + Level 8.4 Dodging
 + Level 8.2 Stealth
 + Level 7.0 Shields
 + Level 7.0 Unarmed Combat
 + Level 8.7 Spellcasting
 + Level 6.2 Conjurations
 + Level 5.8 Hexes
 + Level 5.8 Charms
 + Level 5.8 Summonings
 + Level 5.8 Necromancy
 + Level 5.8 Translocations
 + Level 5.8 Transmutations
 + Level 5.8 Fire Magic
 + Level 5.8 Ice Magic
 + Level 8.1 Air Magic
 + Level 5.8 Earth Magic
 + Level 5.8 Poison Magic
 + Level 7.7 Invocations
 + Level 7.0 Evocations


You had 5 spell levels left.
You knew the following spells:

 Your Spells              Type           Power        Failure   Level  Hunger
a - Shock                 Conj/Air       ####         1%          1    None
b - Swiftness             Chrm/Air       #####...     1%          2    None
c - Static Discharge      Conj/Air       #####...     1%          3    None
d - Airstrike             Air            #####.....   3%          4    ###....
e - Mephitic Cloud        Conj/Pois/Air  #####...     1%          3    None
f - Call Imp              Summ           ####....     1%          2    None
g - Slow                  Hex            ####....     1%          2    None
h - Conjure Flame         Conj/Fire      ####....     2%          3    None

Your spell library contained the following spells:

 Spells                   Type           Power        Failure   Level  Hunger
 Magic Dart               Conj           ####         1%          1    None
 Blink                    Tloc           N/A          1%          2    None
 Lightning Bolt           Conj/Air       #####.....   14%         5    #####..


Dungeon Overview and Level Annotations

Branches:
Dungeon (1/1)

Altars:
Dithmenos
Elyvilon
Kikubaaqudgha
Makhleb
Nemelex Xobeh
Qazlal
Ru
Sif Muna
Trog
Uskayaw
Vehumet
Wu Jian
Xom
Yredelemnul
Zin
The Shining One
Jiyva
Lugonu

Shops:
D =:=!?}![[?!?%:[(

Annotations:
D exclusion: oklob plant, Roxanne


Innate Abilities, Weirdness & Mutations

Your experience applies equally to all skills.
You have very sharp teeth.
Your uncanny sense of smell can sniff out nearby items.


Message History

Confirm with . or Enter, or press ? or * to list all spells.
Aiming: Shock (safe; 1% risk of failure)
Press: ? - help, Shift-Dir - straight line, f - polar bear
Aim: a polar bear (severely wounded, slow)
The zap hits the polar bear but does no damage.
The polar bear is severely wounded.
Your crimson imp blinks!
You hit the polar bear.
The polar bear is almost dead.
The polar bear shakes off its lethargy.
The polar bear goes berserk!
You hit the polar bear. Your punch misses the polar bear.
The polar bear is almost dead.
The polar bear bites you!!
* * * LOW HITPOINT WARNING * * *
The polar bear claws you.
* * * LOW HITPOINT WARNING * * *
The polar bear closely misses you.
Really walk into a travel-excluded area?
The polar bear bites you!!
You die...

###≈≈#++ ##≈≈≈... .. ∆
.#≈≈≈≈.##+##.. ∆ ∆
.#≈≈≈≈##.#.##.####∆∆ #. ∆∆ ∆
.#≈≈≈≈#..#..# ...# ∆ .# ∆
.#≈≈####.#.####..## .# ∆ ∆
.#≈##.###'###.##..# 5# ∆
.#≈#.#.##.##...#§.#∆ .# # ∆
.'≈'###'.<÷'.#.'@h### .##.# ∆
.#≈#.#.##.##...#....###...##▓▓
##≈##.###'###.##.5....≈≈≈≈≈≈≈≈
##≈≈####..#####≈≈..§..≈#+#####
##≈≈≈#..##.#≈≈≈≈≈≈§..≈#._._._
#'#≈##.#.##≈§§≈§§§≈.≈#.._._.
§##.#≈≈##'##≈≈§≈§≈§≈§§≈#._._._
≈§####≈≈≈≈≈≈≈≈≈≈≈§≈§≈≈≈#_._._.
§§ ∆#+++#+++#≈≈≈≈≈§§§≈#._._._


You could see a polar bear (berserk) and a friendly crimson imp.

Vanquished Creatures
  A merfolk siren (D)
  A yaktaur (D)
  A polar bear (D)
  A hornet (D)
  2 hippogriffs (D)
  Menkaure (D)
  A hell rat (D)
  3 worms (D)
11 creatures vanquished.

Vanquished Creatures (collateral kills)
  2 tyrant leeches (D)
2 creatures vanquished.

Vanquished Creatures (others)
  A crocodile (D)
1 creature vanquished.

Grand Total: 14 creatures vanquished

Notes
Turn   | Place    | Note
-------+----------+-------------------------------------------
     0 | D        | Denreik the Gnoll Air Elementalist began the quest for the
                  | Orb.
     0 | D        | Reached XP level 1. HP: 13/13 MP: 6/6
     1 | D        | Noticed a hippogriff
     1 | D        | Noticed a hippogriff
     4 | D        | Noticed a tyrant leech
     4 | D        | Noticed a tyrant leech
     7 | D        | Noticed a merfolk siren
    14 | D        | Reached skill level 5 in Spellcasting
    14 | D        | Reached skill level 1 in Fighting
    14 | D        | Reached skill level 1 in Short Blades
    14 | D        | Reached skill level 1 in Long Blades
    14 | D        | Reached skill level 1 in Axes
    14 | D        | Reached skill level 1 in Maces & Flails
    14 | D        | Reached skill level 1 in Polearms
    14 | D        | Reached skill level 1 in Staves
    14 | D        | Reached skill level 1 in Slings
    14 | D        | Reached skill level 1 in Bows
    14 | D        | Reached skill level 1 in Crossbows
    14 | D        | Reached skill level 1 in Throwing
    14 | D        | Reached skill level 1 in Armour
    14 | D        | Reached skill level 1 in Shields
    14 | D        | Reached skill level 1 in Unarmed Combat
    14 | D        | Reached skill level 1 in Invocations
    14 | D        | Reached skill level 1 in Evocations
    14 | D        | Reached XP level 2. HP: 21/21 MP: 2/8
    51 | D        | Killed a crocodile
    73 | D        | Identified Roxanne's Reference Book on Transformation
    73 | D        | Noticed Roxanne
    78 | D        | Reached skill level 1 in Hexes
    78 | D        | Reached skill level 1 in Charms
    78 | D        | Reached skill level 1 in Summonings
    78 | D        | Reached skill level 1 in Necromancy
    78 | D        | Reached skill level 1 in Translocations
    78 | D        | Reached skill level 1 in Transmutations
    78 | D        | Reached skill level 1 in Fire Magic
    78 | D        | Reached skill level 1 in Ice Magic
    78 | D        | Reached skill level 1 in Earth Magic
    78 | D        | Reached skill level 1 in Poison Magic
   236 | D        | Learned a level 2 spell: Swiftness
   252 | D        | Killed a merfolk siren
   252 | D        | Reached XP level 3. HP: 8/31 MP: 2/11
   252 | D        | Reached XP level 4. HP: 9/38 MP: 2/12
   252 | D        | Reached XP level 5. HP: 11/43 MP: 2/14
   252 | D        | Reached XP level 6. HP: 12/49 MP: 2/15
   494 | D        | Learned a level 3 spell: Static Discharge
   499 | D        | Learned a level 4 spell: Airstrike
   507 | D        | Killed a hippogriff
   507 | D        | Reached skill level 5 in Fighting
   507 | D        | Reached skill level 5 in Short Blades
   507 | D        | Reached skill level 5 in Long Blades
   507 | D        | Reached skill level 5 in Axes
   507 | D        | Reached skill level 5 in Maces & Flails
   507 | D        | Reached skill level 5 in Polearms
   507 | D        | Reached skill level 5 in Staves
   507 | D        | Reached skill level 5 in Slings
   507 | D        | Reached skill level 5 in Bows
   507 | D        | Reached skill level 5 in Crossbows
   507 | D        | Reached skill level 5 in Throwing
   507 | D        | Reached skill level 5 in Armour
   507 | D        | Reached skill level 5 in Shields
   507 | D        | Reached skill level 5 in Unarmed Combat
   507 | D        | Reached skill level 5 in Invocations
   507 | D        | Reached skill level 5 in Evocations
   507 | D        | Reached XP level 7. HP: 18/56 MP: 10/17
   731 | D        | Killed a hippogriff
   731 | D        | Reached skill level 5 in Conjurations
   843 | D        | Found Emacut Bycu's Food Boutique.
   843 | D        | Found Janwoum's Antique Armour Boutique.
   843 | D        | Found Qawoox's Magic Scroll Shop.
   844 | D        | Found Ownar's Antique Weapon Shop.
   844 | D        | Found Oluowk's Distillery.
   844 | D        | Found Exzecw's Magic Scroll Boutique.
   844 | D        | Found Jotsefas's Antique Armour Shop.
   844 | D        | Found Juasez's Antique Armour Boutique.
   845 | D        | Found Odiunwit's Gadget Boutique.
   845 | D        | Found Buubec's Magic Scroll Shop.
   846 | D        | Found Nyetz's Book Shop.
   846 | D        | Found Wuugrey's Distillery.
   847 | D        | Found Hozusihe's Distillery.
   847 | D        | Found Xeycuq's Jewellery Shop.
   847 | D        | Noticed Menkaure
   847 | D        | Noticed a death yak
   847 | D        | Noticed an oklob plant
   848 | D        | Noticed a hippogriff
   849 | D        | Killed Menkaure
   851 | D        | Noticed a hippogriff
   855 | D        | Found Maytha Erro's Book Shoppe.
   855 | D        | Found Qyla Die's Jewellery Boutique.
   856 | D        | Noticed a hippogriff
   869 | D        | Bought a book of Minor Magic for 240 gold pieces
   873 | D        | Learned a level 3 spell: Mephitic Cloud
   876 | D        | Learned a level 2 spell: Call Imp
   879 | D        | Learned a level 2 spell: Slow
   883 | D        | Learned a level 3 spell: Conjure Flame
   893 | D        | Noticed a slime creature
   895 | D        | Noticed a slime creature
   896 | D        | Noticed a slime creature
   906 | D        | Bought a smelly leather armour for 140 gold pieces
   916 | D        | Identified the cursed +1 leather armour "Xiesecof" {MP+9}
                  | (You bought it in a shop in the Dungeon)
  1024 | D        | Killed a tyrant leech
  1024 | D        | Reached skill level 5 in Hexes
  1024 | D        | Reached skill level 5 in Charms
  1024 | D        | Reached skill level 5 in Summonings
  1024 | D        | Reached skill level 5 in Necromancy
  1024 | D        | Reached skill level 5 in Translocations
  1024 | D        | Reached skill level 5 in Transmutations
  1024 | D        | Reached skill level 5 in Fire Magic
  1024 | D        | Reached skill level 5 in Ice Magic
  1024 | D        | Reached skill level 5 in Earth Magic
  1024 | D        | Reached skill level 5 in Poison Magic
  1024 | D        | Reached XP level 8. HP: 64/64 MP: 19/20
  1036 | D        | Killed a tyrant leech
  1360 | D        | Found a glowing silver altar of Zin.
  1360 | D        | Found a radiant altar of Vehumet.
  1361 | D        | Found a glowing golden altar of the Shining One.
  1361 | D        | Found a basalt altar of Yredelemnul.
  1361 | D        | Found a hide-covered altar of Uskayaw.
  1361 | D        | Found a sparkling altar of Nemelex Xobeh.
  1362 | D        | Found a shimmering altar of Xom.
  1362 | D        | Found a bloodstained altar of Trog.
  1362 | D        | Found a burning altar of Makhleb.
  1363 | D        | Found an ornate altar of the Wu Jian Council.
  1363 | D        | Found a deep blue altar of Sif Muna.
  1363 | D        | Found a corrupted altar of Lugonu.
  1364 | D        | Found a sacrificial altar of Ru.
  1364 | D        | Found an ancient bone altar of Kikubaaqudgha.
  1364 | D        | Found a white marble altar of Elyvilon.
  1366 | D        | Noticed a polar bear
  1371 | D        | Noticed a hornet
  1382 | D        | Killed a hornet
  1384 | D        | Noticed a yaktaur
  1397 | D        | Killed a polar bear
  1419 | D        | Killed a yaktaur
  1419 | D        | Reached XP level 9. HP: 41/72 MP: 1/21
  1574 | D        | Found a stormy altar of Qazlal.
  1574 | D        | Found a viscous altar of Jiyva.
  1574 | D        | Found a shadowy altar of Dithmenos.
  1574 | D        | Noticed a polar bear
  1597 | D        | Slain by a polar bear

Vault maps used:
D:        the_violet_keep_of_menkaure

Skill      XL: |  1  2  3  4  5  6  7  8 |
---------------+-------------------------+-----
Spellcasting   | 5 6 7 8 |  8.7
Conjurations   | 2 4 5 6 |  6.2
Fighting       | 1 4 5 6 7 |  7.0
Short Blades   | 1 4 5 6 7 |  7.0
Long Blades    | 1 4 5 6 7 |  7.0
Axes           | 1 4 5 6 7 |  7.0
Maces & Flails | 1 4 5 6 7 |  7.0
Polearms       | 1 4 5 6 7 |  7.0
Staves         | 1 4 5 6 7 |  7.0
Slings         | 1 4 5 6 7 |  7.0
Bows           | 1 4 5 6 7 |  7.0
Crossbows      | 1 4 5 6 7 |  7.0
Throwing       | 1 4 5 6 7 |  7.0
Armour         | 1 4 5 6 7 |  7.0
Shields        | 1 4 5 6 7 |  7.0
Unarmed Combat | 1 4 5 6 7 |  7.0
Invocations    | 1 4 5 6 7 |  7.7
Evocations     | 1 4 5 6 7 |  7.0
Hexes          | 3 4 5 |  5.8
Charms         | 3 4 5 |  5.8
Summonings     | 3 4 5 |  5.8
Necromancy     | 3 4 5 |  5.8
Translocations | 3 4 5 |  5.8
Transmutations | 3 4 5 |  5.8
Fire Magic     | 3 4 5 |  5.8
Ice Magic      | 3 4 5 |  5.8
Earth Magic    | 3 4 5 |  5.8
Poison Magic   | 3 4 5 |  5.8
Dodging        | 6 7 8 |  8.4
Stealth        | 6 7 8 |  8.2
Air Magic      | 6 7 8 |  8.1

Action                   |  1- 3 |  4- 6 |  7- 9 || total
-------------------------+-------+-------+-------++-------
Melee: Spear             |       |       |    15 ||    15
 Cast: Shock             |    20 |     6 |    40 ||    66
       Swiftness         |     1 |       |       ||     1
       Call Imp          |       |       |     5 ||     5
       Conjure Flame     |       |       |     3 ||     3
       Airstrike         |       |       |     2 ||     2
       Slow              |       |       |     9 ||     9
       Mephitic Cloud    |       |       |     6 ||     6
  Use: Potion            |     1 |       |       ||     1
 Stab: Confused          |       |       |     1 ||     1
  Eat: Ration            |       |       |     1 ||     1
Armor: Leather armour    |       |       |     8 ||     8
Dodge: Dodged            |     2 |     4 |    43 ||    49

Table legend:
 A = Non-vault XP
 B = Vault XP
 C = Vault XP percentage of total XP
 D = Non-vault monster count
 E = Vault monster count
 F = Vault count percentage of total count
                 A         B        C        D         E       F
            +---------+---------+-------+---------+---------+-------
      Total |       0 |    2449 | 100.0 |       0 |      13 | 100.0
            +---------+---------+-------+---------+---------+-------
          D |       0 |    2449 | 100.0 |       0 |      13 | 100.0
            +---------+---------+-------+---------+---------+-------
